 Dungeon Crawl Stone Soup version 0.24.0-123-gd5b16e6ec5 (webtiles) character file.

Game seed: 4695531655122921683, levelgen mode: deterministic

24 Chiseanne the Skirmisher (level 2, 0/24 HPs)
             Began as a Demonspawn Warper on Jan 10, 2020.
             Slain by a jackal (1 damage)
             ... on level 1 of the Dungeon.
             The game lasted 00:00:43 (664 turns).

Chiseanne the Skirmisher (Demonspawn Warper)         Turns: 664, Time: 00:00:44

Health: 0/24       AC:  3    Str: 11    XL:     2   Next: 79%
Magic:  5/5        EV: 12    Int: 14    God:
Gold:   60         SH:  0    Dex: 12    Spells: 5/5 levels left

rFire    . . .     SeeInvis .   a - +0 falchion
rCold    . . .     Gourm    .   (no shield)
rNeg     . . .     Faith    .   b - +0 leather armour
rPois    .         Spirit   .   (no helmet)
rElec    .         Reflect  .   (no cloak)
rCorr    .         Harm     .   (no gloves)
MR       .....                  (no boots)
Stlth    +.........             (no amulet)
HPRegen  0.08/turn              (no ring)
MPRegen  0.09/turn              (no ring)

@: lethally poisoned (0 -> -2)
A: powered by death 1
a: no special abilities


You were on level 1 of the Dungeon.
You were not hungry.

You visited 1 branch of the dungeon, and saw 1 of its levels.

You collected 60 gold pieces.

Inventory:

Hand Weapons
 a - a +0 falchion (weapon)
Missiles
 c - 19 arrows
 e - 5 boomerangs of dispersal (quivered)
 i - 10 stones
Armour
 b - a +0 leather armour (worn)
Jewellery
 j - an uncursed ring of fire
Scrolls
 d - a scroll of blinking
 h - 2 scrolls of remove curse {unknown}
Potions
 g - a potion of brilliance {unknown}
Comestibles
 f - a ration


   Skills:
 + Level 3.2 Fighting
 - Level 1.8 Long Blades
 - Level 0.8 Throwing
 - Level 0.8 Armour
 - Level 1.8 Dodging
 - Level 2.0 Spellcasting
   Level 2.6 Translocations


You had 5 spell levels left.
You didn't know any spells.
Your spell library contained the following spells:

 Spells                   Type           Power        Failure   Level  Hunger
 Blink                    Tloc           N/A          16%         2    ###....
 Shroud of Golubria       Chrm/Tloc      #.....       26%         2    ###....
 Gell's Gravitas          Tloc           #.........   30%         3    ####...
 Lesser Beckoning         Tloc           #.........   30%         3    ####...
 Teleport Other           Tloc           #.......     30%         3    ####...
 Passage of Golubria      Tloc           N/A          71%         4    #####..


Dungeon Overview and Level Annotations

Branches:
Dungeon (1/15)

Altars:


Innate Abilities, Weirdness & Mutations

You regenerate a little health from kills.


Message History

The jackal barely misses you. The jackal bites you.
You feel sick.
You barely miss the leopard gecko.
The leopard gecko is almost dead.
The leopard gecko bites you.
* * * LOW HITPOINT WARNING * * *
The leopard gecko bites you but does no damage.
You hit the leopard gecko.
You kill the leopard gecko!
You hit the jackal.
The jackal is almost dead.
You feel sick. The jackal barely misses you.
You riposte.
You closely miss the jackal.
The jackal is almost dead.
The jackal bites you.
* * * LOW HITPOINT WARNING * * *
You barely miss the jackal.
The jackal is almost dead.
The jackal bites you.
You die...

#.# .## #.# ..
#.# ##.## #.#
##...## #.#
##.....## #.#
#.......### #.#
#..........
#.######g......#
#....@hK#.....##
#######.##r..##
#.#####.>.. #.#
### #.# #.# #.#
#.. ###


You could see a jackal, a goblin and a kobold.

Vanquished Creatures
  A dart slug (D:1)
  2 leopard geckos (D:1)
  2 giant cockroaches (D:1)
  2 hobgoblins (D:1)
  3 jackals (D:1)
  2 frilled lizards (D:1)
  2 goblins (D:1)
  3 kobolds (D:1)
  2 rats (D:1)
19 creatures vanquished.

Notes
Turn   | Place    | Note
-------+----------+-------------------------------------------
     0 | D:1      | Chiseanne the Demonspawn Warper began the quest for the
                  | Orb.
     0 | D:1      | Reached XP level 1. HP: 16/16 MP: 3/3
   244 | D:1      | Gained mutation: You regenerate a little health from kills.
                  | [demonic ancestry]
   244 | D:1      | Reached XP level 2. HP: 15/23 MP: 5/5
   641 | D:1      | Reached skill level 3 in Fighting
   663 | D:1      | HP: 1/24 [jackal (3)]
   664 | D:1      | Slain by a jackal

Levels and vault maps discovered:
D:1:      minmay_arrival_wavy_path, layout_loops_ring

Skill      XL: |  1  2 |
---------------+-------+-----
Fighting       | 3 |  3.2
Long Blades    | |  1.8
Throwing       | |  0.8
Armour         | |  0.8
Dodging        | |  1.8
Spellcasting   | |  2.0
Translocations | |  2.6

Action                   || total
-------------------------++-------
Melee: Falchion          ||    71
Armor: Leather armour    ||    26
Dodge: Dodged            ||    68
       Rpst.: Falchion   ||    24
